 Dungeon Crawl Stone Soup version 0.29-a0-214-g17f627cfee (webtiles) character file.

Game seed: 10181767029136446317

132 spaghetti the Slasher (level 4, -4/35 HPs)
             Began as a Mummy Fighter on Feb 24, 2022.
             Was an Initiate of Gozag.
             Slain by an orc
             ... wielding a +0 flail
              (8 damage)
             ... on level 3 of the Dungeon.
             The game lasted 00:02:52 (2518 turns).

spaghetti the Slasher (Mummy Fighter)               Turns: 2518, Time: 00:02:52

Health: -4/35      AC:  6    Str: 21    XL:     4   Next: 92%
Magic:  4/4        EV:  9    Int:  7    God:    Gozag
Gold:   249        SH:  4    Dex: 11    Spells: 3/3 levels left

rFire   x . .      SeeInvis .   a - +0 long sword {long}
rCold   + . .      Faith    .   c - +0 buckler
rNeg    + + +      Spirit   .   b - +0 scale mail
rPois   ∞          Reflect  .   (no helmet)
rElec   .          Harm     .   (no cloak)
rCorr   .          Rampage  .   (no gloves)
Will    .....                   (no boots)
Stlth   ..........              (no amulet)
HPRegen 0.11/turn               (no ring)
MPRegen 0.09/turn               (no ring)

@: no status effects
A: cold resistance 1, negative energy resistance 3, torment resistance 2, heat
vulnerability 1, no potions
a: Renounce Religion, Potion Petition, Call Merchant, Bribe Branch


You were on level 3 of the Dungeon.
You worshipped Gozag.
Gozag was aware of your devotion.
You visited 1 branch of the dungeon, and saw 3 of its levels.

You collected 249 gold pieces.


Innate Abilities, Weirdness & Mutations

You are immune to poison.
Your flesh is cold resistant. (rC+)
You are immune to negative energy. (rN+++)
You are immune to unholy pain and torment.
You are vulnerable to heat. (rF-)
You do not drink.


   Skills:
 - Level 3.0 Fighting
 + Level 4.3 Long Blades
 - Level 2.4 Armour
 - Level 2.4 Shields


You had 3 spell levels left.
You didn't know any spells.
Your spell library was empty.

Inventory:

Hand Weapons
 a - a +0 long sword (weapon) {long}
Missiles
 e - 2 poisoned darts (quivered) {throwing}
 h - 18 stones {throwing}
Armour
 b - a +0 scale mail (worn)
 c - a +0 buckler (worn)
Scrolls
 d - a scroll of enchant weapon {unknown}
 j - a scroll of enchant armour {unknown}

Dungeon Overview and Level Annotations

Branches:
Dungeon (3/15)

Altars:
Gozag
Qazlal
Xom

Shops:
D:1

( ### # #..
#####.##.##
...
#o@........
#.#
#o###.##.##
#.# # #.#
#$# ...
.....
.$.....
##o......


You could see an orc priest and an orc.


Message History

You barely miss the adder. The adder bites you. x2
The hobgoblin barely misses you. 😮 HP[-4]
You take 4 damage, and now have 23/35 hp.
You are too injured to fight recklessly!
You are too injured to fight recklessly!
You are too injured to fight recklessly!
You are too injured to fight recklessly!
You are too injured to fight recklessly!
You are too injured to fight recklessly!
You are too injured to fight recklessly!
You are too injured to fight recklessly!
You are too injured to fight recklessly!
You are too injured to fight recklessly!
You are too injured to fight recklessly!
You are too injured to fight recklessly!
You barely miss the adder. The adder bites you but does no damage.
The hobgoblin hits you. The adder barely misses you. 😮 HP[-3]
You take 3 damage, and now have 20/35 hp.
You miss the adder. The hobgoblin barely misses you.
You block the adder's attack. The hobgoblin barely misses you.
You miss the adder. The adder barely misses you.
The adder bites you but does no damage.
The hobgoblin hits you but does no damage.
You slash the adder!
You kill the adder!
The hobgoblin hits you.
You hit the hobgoblin. The hobgoblin barely misses you.
You hit the hobgoblin but do no damage. The hobgoblin closely misses you.
The hobgoblin is distracted by your dazzling golden aura.
The hobgoblin shouts!
You hit the hobgoblin.
The hobgoblin is no longer distracted by gold.
You hear an angry hiss.
The hobgoblin hits you but does no damage.
You closely miss the hobgoblin. The hobgoblin barely misses you.
A water moccasin comes into view.
You hit the hobgoblin but do no damage. You block the hobgoblin's attack.
You slash the hobgoblin!
You kill the hobgoblin!
As you read the scroll labelled UNAESU PIKH, it crumbles to dust.
You feel strangely unstable.
It was a scroll of teleportation.
The water moccasin bites you.
* * * LOW HITPOINT WARNING * * *
😨 HP[-4]
You take 4 damage, and now have 16/35 hp. 😨 HP[+1]
Your surroundings suddenly seem different.
An orc and an orc priest come into view.
The orc shouts!
The orc priest shouts!
You hear a shout!
The orc priest miscasts a cantrip.
As you read the scroll of fear, it crumbles to dust.
You assume a fearsome visage.
The orc looks frightened!
The orc priest looks frightened!
An orc comes into view. It is wielding a +0 short sword.
As you read the scroll labelled MIBRUKHATI, it crumbles to dust.
A profound silence engulfs you.
It was a scroll of silence.
Magic scrolls do not work when you're silenced!
The orc hits you but does no damage.
You hit the orc. The orc closely misses you.
Cornered, the orc turns to fight!
You hit the orc.
You kill the orc!
Cornered, the orc priest turns to fight!
The orc is distracted by your dazzling golden aura.
The orc priest begins to cast a cantrip, but forgets the words! 😮 HP[+1]
You start resting.
An orc priest is nearby!
The orc priest barely misses you.
You closely miss the orc priest.
The orc priest hits you but does no damage. 😮 HP[+1]
You hit the orc priest. The orc priest barely misses you.
You barely miss the orc priest. You block the orc's attack.
You hit the orc priest but do no damage.
The orc priest closely misses you. You block the orc's attack.
The orc priest barely misses you.
Magic scrolls do not work when you're silenced!
You can't drink.
You slash the orc priest! The orc closely misses you.
The orc priest hits you with a +0 club.
* * * LOW HITPOINT WARNING * * *
😨 HP[-5]
You take 5 damage, and now have 14/35 hp.
You hit the orc priest. The orc closely misses you.
The orc priest hits you but does no damage.
You completely miss the orc priest. The orc hits you but does no damage.
The orc priest barely misses you. The orc hits you but does no damage.
The orc priest invokes the aid of Beogh against you.
Beogh smites you!
* * * LOW HITPOINT WARNING * * *
😱 HP[-11]
You take 11 damage, and now have 3/35 hp.
MASSIVE DAMAGE!! (PAUSE)
You hit the orc priest but do no damage.
Your hearing returns.
The orc hits you with a +0 flail!
You die...
Your body crumbles into a pile of gold.

Skill      XL: |  1  2  3  4 |
---------------+-------------+-----
Long Blades    | 2 3 4 |  4.3
Fighting       | |  3.0
Armour         | |  2.4
Shields        | |  2.4

Action                   |  1- 3 |  4- 6 || total
-------------------------+-------+-------++-------
Melee: Long sword        |   148 |    74 ||   222
  Use: Scroll            |     1 |     4 ||     5
 Stab: Distracted        |     1 |       ||     1
Armor: Scale mail        |    70 |    28 ||    98
Dodge: Dodged            |    89 |    48 ||   137
Block: Buckler           |    29 |    17 ||    46

Levels and vault maps discovered:
D:1:      giann_bridges, layout_basic, ebering_ecumenical_altar_abandoned,
          serial_shops, shop, chequers_serial_rivers_small_b,
          corexii_hall_statues_s, chequers_garden,
          hangedman_decor_diamond_cutter, chequers_serial_rivers_micro_c,
          st_stairs_13, minmay_misc_feat_room
D:2:      layout_loops_cross, basic_altar, st_stairs_4
D:3:      layout_loops_ring, xom_confusion_cloud,
          chequers_temple_overflow_minitemple, nicolae_elevator_lobby_asterisk,
          uniq_natasha

Notes
Turn   | Place    | Note
-------+----------+-------------------------------------------
     0 | D:1      | spaghetti the Mummy Fighter began the quest for the Orb.
     0 | D:1      | Reached XP level 1. HP: 18/18 MP: 1/1
     0 | D:1      | magus.rc [v1.9.6]
    43 | D:1      | Reached skill level 2 in Long Blades
    46 | D:1      | Reached XP level 2. HP: 9/24 MP: 2/2
   327 | D:1      | Found Peherrykyo's Weapon Emporium.
   495 | D:1      | HP: 5/24 [frozen (2)]
   497 | D:1      | Reached XP level 3. HP: 7/29 MP: 3/3
   904 | D:1      | Found a faded altar of an unknown god.
   908 | D:1      | Reached skill level 3 in Long Blades
   912 | D:1      | Prayed at the altar of an unknown god.
   912 | D:1      | Became a worshipper of Gozag Ym Sagoz the Greedy
  1208 | D:2      | Found a stormy altar of Qazlal.
  1764 | D:2      | Reached XP level 4. HP: 29/35 MP: 4/4
  2000 | D:3      | Noticed Natasha
  2008 | D:3      | Killed Natasha
  2256 | D:3      | Reached skill level 4 in Long Blades
  2431 | D:3      | Found a shimmering altar of Xom.
  2490 | D:3      | Noticed a water moccasin
  2517 | D:3      | HP: 3/35 [orc priest/divine providence (11)]
  2518 | D:3      | Slain by an orc

Vanquished Creatures
  Natasha (D:3)
  5 adders
  2 dart slugs
  An orc (D:3)
  4 ball pythons
  4 bats
  4 endoplasms
  3 giant cockroaches
  6 goblins
  5 hobgoblins
  4 jackals
  4 kobolds
  4 quokkas
  3 frilled lizards (D:1)
  6 rats
56 creatures vanquished.

Table legend:
 A = Non-vault XP
 B = Vault XP
 C = Vault XP percentage of total XP
 D = Non-vault monster count
 E = Vault monster count
 F = Vault count percentage of total count
                 A         B        C        D         E       F
            +---------+---------+-------+---------+---------+-------
      Total |     117 |      72 |  38.1 |      46 |      10 |  17.9
            +---------+---------+-------+---------+---------+-------
        D:1 |      46 |       2 |   4.2 |      25 |       1 |   3.8
        D:2 |      49 |       6 |  10.9 |      15 |       3 |  16.7
        D:3 |      22 |      64 |  74.4 |       6 |       6 |  50.0
            +---------+---------+-------+---------+---------+-------

Illustrated notes

Table legend:
 A = Kills in this place as a percentage of kills in entire the game.
 B = Kills by you in this place as a percentage of kills by you in the entire game.
 C = Kills by friends in this place as a percentage of kills by friends in the entire game.
 D = Other kills in this place as a percentage of other kills in the entire game.
 E = Experience gained in this place as a percentage of experience gained in the entire game.
 F = Experience gained in this place divided by the number of levels of this place that you have seen.
                   A       B       C       D       E      F
               +-------+-------+-------+-------+-------+----------------------
         Total | 100.0 | 100.0 |   N/A |   N/A | 100.0 |  63.0
       Dungeon | 100.0 | 100.0 |   N/A |   N/A | 100.0 |  63.0
               +-------+-------+-------+-------+-------+----------------------

Table legend: (Time is in decaauts)
 A = Elapsed time spent in this place.
 B = Non-inter-level travel time spent in this place.
 C = Inter-level travel time spent in this place.
 D = Time resting spent in this place.
 E = Time spent auto-exploring this place.
 F = Levels seen in this place.
 G = Mean time per level.
                   A        B        C        D        E       F      G
               +--------+--------+--------+--------+--------+-----+--------+
         Total |   2580 |   2541 |     39 |    743 |   1363 |   3 |  860.0 |
       Dungeon |   2580 |   2541 |     39 |    743 |   1363 |   3 |  860.0 |
               +--------+--------+--------+--------+--------+-----+--------+

Top non-repeatable levels by time:
     D:1: 1150 daAuts
     D:2: 847 daAuts
     D:3: 582 daAuts
